 Dungeon Crawl Stone Soup version 0.28.0-53-g5a82cb258f (webtiles) character file.

Game seed: 12795755644724573440

1917 nickcage the Slicer (level 8, -3/36 HPs)
             Began as a Spriggan Enchanter on June 27, 2022.
             Was a Follower of Dithmenos.
             Slain by an iguana (14 damage)
             ... on level 6 of the Dungeon on July 11, 2022.
             The game lasted 00:21:36 (7998 turns).

nickcage the Slicer (Spriggan Enchanter)            Turns: 7998, Time: 00:21:38

Health: -3/36      AC:  3    Str:  4    XL:     8   Next: 95%
Magic:  7/13       EV: 17    Int: 19    God:    Dithmenos [*.....]
Gold:   338        SH:  0    Dex: 15    Spells: 10/12 levels left

rFire   . . .      SeeInvis +   l - +1 dagger (holy)
rCold   . . .      Faith    .   (no shield)
rNeg    . . .      Spirit   .   b - +1 robe
rPois   .          Reflect  .   (helmet restricted)
rElec   .          Harm     .   k - scarf {+Inv}
rCorr   .          Rampage  .   (gloves unavailable)
Will    +....                   (boots unavailable)
Stlth   +++++.....              (no amulet)
HPRegen 0.12/turn               (no ring)
MPRegen 0.13/turn               (no ring)

@: very slightly contaminated, wreathed by umbra, very quick
A: very small, no large weapons, unfitting armour, see invisible, speed 3
a: Renounce Religion, Evoke Invisibility


You were on level 6 of the Dungeon.
You worshipped Dithmenos.
Dithmenos was aware of your devotion.
You visited 2 branches of the dungeon, and saw 7 of its levels.
You also visited: Sewer.

You collected 338 gold pieces.

Inventory:

Hand Weapons
 a - a +1 dagger
 i - a +0 rapier of protection
 l - a +1 dagger of holy wrath (weapon)
Missiles
 f - 5 atropa-tipped darts
 n - 6 poisoned darts
Armour
 b - a +1 robe (worn)
 k - a scarf of invisibility (worn)
Jewellery
 e - a ring of positive energy
 m - a ring of protection from cold
Scrolls
 j - a scroll of noise {unknown}
 p - 3 scrolls of teleportation
Potions
 c - a potion of invisibility
 d - 3 potions of curing
 g - 2 potions of mutation
 h - a potion of flight
 o - a potion of haste


   Skills:
 * Level 10.2 Short Blades
 - Level 2.6 Dodging
 - Level 9.2 Stealth
 - Level 2.6 Spellcasting
 - Level 5.0 Hexes
 - Level 0.4 Ice Magic
 * Level 2.8 Invocations
 * Level 1.8 Evocations


You had 10 spell levels left.
You knew the following spells:

 Your Spells              Type           Power      Damage    Failure   Level
a - Ensorcelled Hibernat  Hex/Ice        24%        N/A       8%          2

Your spell library contained the following spells:

 Spells                   Type           Power      Damage    Failure   Level
 Confusing Touch          Hex            21%        N/A       6%          3
 Tukima's Dance           Hex            21%        N/A       6%          3
 Dazzling Flash           Conj/Hex       24%        N/A       17%         3
 Yara's Violent Unravell  Hex/Tmut       6%         3d5       83%         5
 Enfeeble                 Hex            10%        N/A       100%        7


Dungeon Overview and Level Annotations

Branches:
Dungeon (6/15)             Temple (1/1) D:4           Sewer (visited)

Altars:
Dithmenos

Shops:
D:2 =   D:5 *

Annotations:
D:4 1 runed translucent door, Duvessa; WaxSun's ghost, novice DjCj
D:5 3 runed translucent doors, dornbeast's ghost, novice OpMo


Innate Abilities, Weirdness & Mutations

You are very small and have problems with some larger weapons.
You are too small for most types of armour.
You have supernaturally acute eyesight. (SInv)
You cover ground extremely quickly. (Speed+++)


Message History

a +3 flail; a +0 robe You open the door.
There is an open door here.
Found a hand axe.
You open the door.
There is an open door here.
There is an open door here.
You open the door.
There is an open door here.
There is an open door here.
Things that are here:
a +0 battleaxe; a +0 robe
There is an open door here.
There is an open door here.
There is an open door here.
An iguana and a phantom come into view.
There is an open door here.
A bullfrog comes into view.
The helpless phantom fails to defend itself.
You skewer the phantom like a kebab!!!
You destroy the phantom!
Dithmenos accepts your kill.
Your life force feels restored.
The iguana hisses angrily.
You completely miss the iguana.
The iguana resists with significant effort.
The iguana bites you.
You miscast Ensorcelled Hibernation.
You are very lightly contaminated with residual magic.
Nothing appears to happen.
The iguana bites you!
The iguana bites you but does no damage.
There is an open door here.
The bullfrog hits you but does no damage.
You are too injured to fight recklessly!
Aiming: Ensorcelled Hibernation (safe; 8% risk of failure)
Press: ? - help, Q - select action, (/) - cycle Shift-Dir - straight line, f/p - iguana
Aim: an iguana (umbra, chance to affect: 54%)
The iguana resists with significant effort.
The bullfrog hits you! The iguana bites you!
You die...

.....................#.....'.....
###...###..####..###.###...#.....
≈≈≈≈≈≈≈≈##'####..###+###...####'#
#≈#####≈≈.......................#
#≈# ##≈≈......................# ≈
##≈≈.................)...# ≈
##≈................[....#
#≈.....................#
#≈#####@#############'##
#≈....lF....... ....
#≈............. ....
#≈............. ...
#≈............. #≈≈.........####
#≈≈..........#
#######≈≈...........#
≈≈≈≈≈≈≈≈#######.....#


You could see a bullfrog and an iguana.

Vanquished Creatures
  Grinder (D:4)
  Eustachio (D:6)
  Edmund (D:4)
  4 ogres
  A necrophage (D:4)
  A centaur (D:5)
  A phantom (D:6)
  A bullfrog (D:6)
  A scorpion (D:5)
  Dowan (D:4)
  3 wights (D:6)
  2 centaur zombies (D:6)
  A jelly (D:5)
  A hound (D:3)
  A bullfrog skeleton (D:6)
  Jessica (D:3)
  2 iguanas (D:6)
  Natasha (twice) (D:3)
  2 orc wizards (D:4)
  A killer bee zombie (D:6)
  A hound skeleton (D:4)
  10 adders
  2 river rats (Sewer)
  2 shadow imps
  3 ufetubi
  4 dart slugs
  8 orcs
  5 endoplasms
  4 giant cockroaches
  7 goblins
  11 hobgoblins
  4 kobolds
  5 quokkas
  6 ball pythons
  2 bats (Sewer)
  7 frilled lizards
  2 rats
112 creatures vanquished.

Vanquished Creatures (others)
  2 withered plants (D:4)
2 creatures vanquished.

Grand Total: 114 creatures vanquished

Notes
Turn   | Place    | Note
-------+----------+-------------------------------------------
     0 | D:1      | nickcage the Spriggan Enchanter began the quest for the
                  | Orb.
     0 | D:1      | Reached XP level 1. HP: 9/9 MP: 5/5
   185 | D:1      | Reached XP level 2. HP: 13/13 MP: 6/6
   190 | D:1      | Learned a level 2 spell: Ensorcelled Hibernation
   551 | D:1      | Found a faded altar of an unknown god.
   957 | D:2      | Reached skill level 5 in Hexes
   957 | D:2      | Reached XP level 3. HP: 16/16 MP: 2/8
  1390 | D:2      | Reached skill level 2 in Short Blades
  1416 | D:2      | Found Bavvop's Jewellery Shoppe.
  1988 | D:3      | Reached XP level 4. HP: 20/21 MP: 4/9
  2230 | D:3      | Reached skill level 3 in Short Blades
  2282 | D:3      | Noticed Jessica
  2287 | D:3      | Killed Jessica
  2524 | D:3      | Noticed Natasha
  2540 | D:3      | HP: 1/21 [white imp/puff of frost[Natasha] (8)]
  2881 | D:3      | Killed Natasha
  2882 | D:3      | Reached skill level 4 in Short Blades
  3021 | D:4      | Reached XP level 5. HP: 16/24 MP: 5/10
  3481 | D:4      | Reached skill level 5 in Short Blades
  3564 | D:4      | Noticed Edmund
  3587 | D:4      | Noticed an ogre
  3594 | D:4      | Killed an ogre
  3595 | D:4      | Reached XP level 6. HP: 28/28 MP: 11/11
  3600 | D:4      | Found a runed translucent door.
  3601 | D:4      | Noticed WaxSun's ghost (novice DjCj)
  3699 | D:4      | Noticed Grinder
  3703 | D:4      | Killed Grinder
  3704 | D:4      | Reached skill level 7 in Short Blades
  4031 | D:3      | Noticed Natasha
  4037 | D:3      | Killed Natasha
  4038 | D:3      | Reached XP level 7. HP: 5/29 MP: 7/12
  4318 | D:4      | Killed Edmund
  4319 | D:4      | Reached skill level 8 in Short Blades
  4360 | D:4      | Noticed Duvessa
  4360 | D:4      | Noticed Dowan
  4393 | D:5      | Entered Level 5 of the Dungeon
  4820 | D:4      | Killed Dowan
  4821 | D:4      | Reached skill level 9 in Short Blades
  4848 | D:4      | Found a staircase to the Ecumenical Temple.
  4857 | Temple   | Entered the Ecumenical Temple
  4891 | Temple   | Became a worshipper of Dithmenos the Shadowed
  5767 | D:5      | Found Kianod's Neck Hole.
  5986 | D:5      | Reached XP level 8. HP: 36/36 MP: 10/13
  6078 | D:5      | Found a runed translucent gate.
  6078 | D:5      | Found a runed translucent gate.
  6079 | D:5      | Found a runed translucent gate.
  6079 | D:5      | Noticed a komodo dragon
  6092 | D:5      | Noticed dornbeast's ghost (novice OpMo)
  6281 | D:6      | Reached skill level 5 in Stealth
  6281 | D:6      | Reached skill level 1 in Invocations
  6765 | D:6      | Found a glowing drain.
  6786 | Sewer    | Entered a sewer
  7012 | Sewer    | Reached * piety under Dithmenos
  7432 | D:6      | Noticed Eustachio
  7438 | D:6      | Killed Eustachio
  7439 | D:6      | Reached skill level 10 in Short Blades
  7502 | D:6      | Reached skill level 1 in Evocations
  7998 | D:6      | Slain by an iguana

Illustrated notes

Levels and vault maps discovered:
D:1:      elethiomel_arrival_shortcut, layout_loops_ring,
          ebering_ecumenical_altar_petrified
D:2:      layout_loops_ring, serial_shops, nicolae_lakefront_shop
D:3:      layout_loops_cross, lightli_corner_chamber, uniq_natasha, uniq_jessica
D:4:      layout_loops_cross, minmay_temple_entry_offerings,
          gammafunk_ghost_grave, serial_co_window_serial, co_window_paths_a,
          co_window_corner_a, co_window_paths_b, co_window_corner_a,
          co_window_cross_1, co_window_corner_cb, co_window_corner_b,
          co_window_broadway_b, co_window_unsneaky_path_d, glass_columns_c,
          glass_columns_c, hangedman_abyss_or_decor_stagger, uniq_duvessa,
          uniq_edmund, uniq_grinder
D:5:      layout_layer_cave, gammafunk_ghost_split, corner_web_ring,
          nicolae_shop_sticking_my_neck_out
D:6:      layout_gridville, portal_sewer_entry_d, water_maze_lemuel,
          uniq_sigmund, uniq_eustachio
Temple:   mainiacjoe_temple_big_plus

Skill      XL: |  1  2  3  4  5  6  7  8 |
---------------+-------------------------+-----
Hexes          | 4 5 |  5.0
Short Blades   | 2 4 5 7 9 10 | 10.2
Stealth        | 9 |  9.2
Invocations    | 2 |  2.8
Evocations     | 1 |  1.8
Dodging        | |  2.6
Spellcasting   | |  2.6
Ice Magic      | |  0.4

Action                   |  1- 3 |  4- 6 |  7- 9 || total
-------------------------+-------+-------+-------++-------
Melee: Dagger            |    47 |    78 |   163 ||   288
       Punch             |       |     1 |     2 ||     3
 Cast: Ensorcelled Hiber |    24 |    34 |    44 ||   102
  Use: Scroll            |       |     7 |     2 ||     9
 Stab: Sleeping          |    31 |    25 |    38 ||    94
       Distracted        |       |       |     1 ||     1
Armor: Robe              |     3 |     1 |    18 ||    22
Dodge: Dodged            |    25 |    48 |   138 ||   211
